 Dungeon Crawl Stone Soup version 0.29.1-2-gbd0b4ee654 (webtiles) character file.

Game seed: 9438520661663936893

16 xian the Trooper (level 2, -1/28 HPs)
             Began as a Naga Berserker on Nov 7, 2022.
             Was a Follower of Trog.
             Slain by a goblin
             ... wielding a +0 club
              (2 damage)
             ... on level 1 of the Dungeon.
             The game lasted 00:01:48 (1204 turns).

xian the Trooper (Naga Berserker)                   Turns: 1204, Time: 00:01:49

Health: -1/28      AC:  1    Str: 19    XL:     2   Next: 54%
Magic:  2/2        EV:  9    Int:  7    God:    Trog [*.....]
Gold:   40         SH:  0    Dex: 10    Spells: 1/1 levels left

rFire   . . .      SeeInvis +   a - +0 hand axe
rCold   . . .      Faith    .   (no shield)
rNeg    . . .      Spirit   .   b - +0 animal skin
rPois   +          Reflect  .   (no helmet)
rElec   .          Harm     .   (no cloak)
rCorr   .          Rampage  .   (no gloves)
Will    .....                   (no barding)
Stlth   +.........              (no amulet)
HPRegen 0.09/turn               c - ring of wizardry
MPRegen 0.08/turn               (no ring)

@: short of breath, very slow
A: AC +0, large, see invisible, deformed body, poison resistance, slowness 2,
spit poison 1, naga tail 1
a: Spit Poison, Renounce Religion, Berserk


You were on level 1 of the Dungeon.
You worshipped Trog.
Trog was aware of your devotion.
You visited 1 branch of the dungeon, and saw 2 of its levels.

You collected 40 gold pieces.

Inventory:

Hand Weapons
 a - a +0 hand axe (weapon)
Armour
 b - a +0 animal skin (worn)
Jewellery
 c - a ring of wizardry (left hand)
Scrolls
 d - 2 scrolls of teleportation {unknown}
 e - a scroll of enchant armour {unknown}


   Skills:
 + Level 3.4 Fighting
 + Level 3.2 Axes
 + Level 1.6 Armour
 + Level 1.6 Dodging


You had one spell level left.
You didn't know any spells.
Your spell library was empty.

Dungeon Overview and Level Annotations

Branches:
Dungeon (2/15)

Altars:
Trog


Innate Abilities, Weirdness & Mutations

Your serpentine skin is tough. (AC +0)
You have supernaturally acute eyesight. (SInv)
Armour fits poorly on your strangely shaped body.
Your system is resistant to poisons. (rPois)
You cover ground very slowly.
You can spit poison.
You have a snake-like lower body.


Message History

You enter the shallow water.
Moving in this stuff is going to be slow.
You enter the shallow water.
Moving in this stuff is going to be slow.
You enter the shallow water.
Moving in this stuff is going to be slow.
Partly explored, can't reach some places.
Partly explored, can't reach some places.
There is a stone staircase leading down here.
You climb downwards.
The goblin shouts!
Found a helmet and 7 gold pieces.
Found a stone staircase leading down.
There is a stone staircase leading up here.
The splash of poison misses the goblin.
You can't do that yet.
A dart slug and a quokka come into view.
Found a bloodstained altar of Trog.
Found a stone staircase leading down.
You have got your breath back.
The goblin hits you with a +0 club. The dart slug launches a dart at you.
The slug dart hits you.
You closely miss the goblin. The goblin hits you with a +0 club.
You miss the goblin. The goblin hits you with a +0 club. The quokka bites you.
The goblin barely misses you. The quokka bites you.
* * * LOW HITPOINT WARNING * * *
There is a stone staircase leading up here.
The goblin hits you with a +0 club.
* * * LOW HITPOINT WARNING * * *
The quokka bites you.
* * * LOW HITPOINT WARNING * * *
You climb upwards.
There is a stone staircase leading down here.
Unknown command.
You aren't carrying any potions.
Aiming: Spit Poison (2% risk of failure)
Press: ? - help, Shift-Dir - straight line, f - goblin
Aim: a goblin, wielding a +0 club (50% to hit)
The splash of poison misses the goblin.
The goblin hits you with a +0 club.
You die...

.....# #.# ..##.##### #.#
######### .†##.....#
#.#####.......#
...+.....#####.#...........#
..##.....#...#.#...........#####
..##.....#...#..........##.....##
..########...#......#....+.......
..########...#..###...#.##...[.##
.........'...'..@r...+#####....#
#.########...#...g..##≈≈≈≈#######
#.# ######...##..#≈...#...... #.#
####............#≈...####### #.#
##...............#≈...#.....# ###
#..###.#.###.....#≈...#...#.#
#..# #.#.# #.##..#####'.#....
#..###.#.###.##..#.########.#
#......#.........#.##....##.#


You could see a quokka and a goblin.

Vanquished Creatures
  A dart slug (D:1)
  3 endoplasms (D:1)
  A giant cockroach (D:1)
  A goblin (D:1)
  A ball python (D:1)
  4 bats (D:1)
  A frilled lizard (D:1)
  2 rats (D:1)
14 creatures vanquished.

Notes
Turn   | Place    | Note
-------+----------+-------------------------------------------
     0 | D:1      | xian the Naga Berserker began the quest for the Orb.
     0 | D:1      | Reached XP level 1. HP: 21/21 MP: 1/1
   343 | D:1      | Reached XP level 2. HP: 28/28 MP: 2/2
   627 | D:1      | Found a faded altar of an unknown god.
  1196 | D:2      | Found a bloodstained altar of Trog.
  1202 | D:2      | HP: 1/28 [quokka (3)]
  1204 | D:1      | Slain by a goblin

Illustrated notes

Levels and vault maps discovered:
D:1:      minmay_arrival_diagonal_passages, layout_basic,
          dreamdust_ecumenical_altar_statues, serial_rivers,
          chequers_serial_rivers_room_a, chequers_serial_rivers_room_b,
          chequers_serial_rivers_room_a, chequers_serial_rivers_micro_d,
          chequers_serial_rivers_large_a, minmay_misc_feat_cross
D:2:      layout_loops_ring, basic_altar, minmay_misc_feat_secret_circle,
          hangedman_decor_points, grunt_decor_fettered,
          chequers_serial_rivers_micro_d

Action                   || total
-------------------------++-------
Melee: Hand axe          ||    16
 Abil: Spit Poison       ||    15
Armor: Animal skin       ||     5
Dodge: Dodged            ||    12
